 Dungeon Sprint DCSS version 0.31-a0-841-g038b102fc3 (webtiles) character file.

Game seed: 1780598043732517626

4187 sircluck the Grappler (level 10, -5/114 HPs)
             Began as a Troll Berserker on Sept 27, 2023.
             Was the Champion of Trog.
             Slain by an earth elemental (36 damage)
             ... in the Dungeon (Sprint VII: "The Pits").
             The game lasted 00:01:55 (819 turns).

sircluck the Grappler (Troll Berserker)              Turns: 819, Time: 00:01:55

Health: -5/114     AC:  5    Str: 34    XL:     10   Next: 8%
Magic:  9/9        EV: 12    Int:  6    God:    Trog [******]
Gold:   0          SH:  0    Dex:  9    Spells: 9/9 levels left

rFire   . .          .
                       - Unarmed
rCold   . . .        (no shield)
rNeg    . . .        h - +0 troll leather armour
rPois   .            (helmet restricted)
rElec   .            (no cloak)
rCorr   .            (gloves unavailable)
SInv    .            (boots unavailable)
Will    .....        (no amulet)
Stlth   +            l - +3 ring of strength
HPRegen 1.99/turn    m - +3 ring of intelligence
MPRegen 0.11/turn

%: no teleportation
@: flayed, on berserk cooldown, slowed, very slow
A: large, unfitting armour, claws 3, regeneration 1, shaggy fur 1, tough skin 1
a: Renounce Religion, Berserk, Trog's Hand, Brothers in Arms


You were in the Dungeon.
You worshipped Trog.
Trog was exalted by your worship.
You visited 1 branch

Inventory:

Missiles
 n - 3 throwing nets
Armour
 a - a +0 animal skin
 h - a +0 troll leather armour (worn)
Jewellery
 l - a +3 ring of strength (left claw)
 m - a +3 ring of intelligence (right claw)
Wands
 o - a wand of acid (4)
Scrolls
 g - a scroll of blinking
 j - 2 scrolls of vulnerability
 k - a scroll of summoning
Potions
 b - 9 potions of curing
 c - 12 potions of heal wounds
 d - 2 potions of haste
 e - 4 potions of magic
 f - 3 potions of berserk rage
 i - 2 potions of invisibility


   Skills:
 + Level 11.4 Fighting
 + Level 6.4 Armour
 + Level 11.3 Dodging
 + Level 13.3 Unarmed Combat


You had 9 spell levels left.
You didn't know any spells.
Your spell library was empty.

Dungeon Overview and Level Annotations

Branches:
Dungeon (1/1)

Altars:
Ashenzari
Cheibriados
Dithmenos
Elyvilon
Fedhas
Gozag
Hepliaklqana
Kikubaaqudgha
Makhleb
Nemelex Xobeh
Okawaru
Qazlal
Ru
Sif Muna
Trog
Uskayaw
Vehumet
Wu Jian
Xom
Yredelemnul
Zin
The Shining One
Jiyva
Lugonu


Innate Abilities, Weirdness & Mutations

You are too large for most types of armour.
You have claws for hands.
Your natural rate of healing is unusually fast.
You are covered in fur. (AC +1)
You have tough skin. (AC +1)


Message History

You recover from your berserk rage.
You start waiting.
Done waiting.
You see here the +11 great sword of Moral Flaws {flame, Will+ rCorr}.
Things that are here:
a +0 long sword of flaming; a +0 scale mail; the human corpse of Harold A flayed ghost comes into view.
The flayed ghost cries, "Suffer as I suffered!"
Terrible wounds open up all over your body!
The flayed ghost stares at you with tortured malice.
Terrible wounds spread across more of your body!
An earth elemental comes into view.
The flayed ghost stares at you with tortured malice.
Terrible wounds spread across more of your body!
The flayed ghost cries, "Feel what I felt!"
Terrible wounds spread across more of your body!
A red film seems to cover your vision as you go berserk!
You feel yourself moving faster!
You feel mighty!
You feel a strong urge to attack something.
You feel your anger nearly subside.
You are no longer berserk.
You are exhausted.
You feel yourself slow down. The flayed ghost closely misses you.
You miss the flayed ghost. The flayed ghost hits you.
You mangle the flayed ghost!!
The flayed ghost is heavily damaged.
The flayed ghost closely misses you.
You scratch the flayed ghost but do no damage.
The flayed ghost is heavily damaged.
The flayed ghost hits you!
You miss the flayed ghost.
The flayed ghost is heavily damaged.
The flayed ghost cries, "Suffer as I suffered!"
Terrible wounds spread across more of your body!
You claw the flayed ghost!
The flayed ghost is severely damaged.
The flayed ghost cries, "Suffer as I suffered!"
Terrible wounds spread across more of your body!
* * * LOW HITPOINT WARNING * * *
The earth elemental hits you!!!
You die...

#++#########
#...@E......
#....W......
#..#########
#..# #..#
#### #..#
#..# #..#
#..# #).#
'..# #).#


You could see a flayed ghost and an earth elemental.

Vanquished Creatures
  Harold (D)
  A shadow wraith (D)
  A deep troll (D)
  A flayed ghost (D)
  A bog body (D)
  A smoke demon (D)
  A komodo dragon (D)
  A flying skull (D)
  A shadow (D)
  A redback (D)
  A warg (D)
  A wolf (D)
  A phantom (D)
  2 bullfrogs (D)
  A small abomination (D)
  An orc priest (D)
  An iguana (D)
  3 orc wizards (D)
  An adder (D)
  A river rat (D)
  An adder skeleton (D)
  5 orcs (D)
  2 endoplasms (D)
  2 giant cockroaches (D)
  2 hobgoblins (D)
  6 jackals (D)
  A kobold (D)
  2 ball pythons (D)
44 creatures vanquished.

Notes
Turn   | Place    | Note
-------+----------+-------------------------------------------
     0 | D        | sircluck the Troll Berserker began the quest for the Orb.
     0 | D        | Reached XP level 1. HP: 22/22 MP: 0/0
    31 | D        | Noticed a redback
    32 | D        | Noticed a bog body
    38 | D        | Killed a redback
    39 | D        | Reached skill level 5 in Fighting
    39 | D        | Reached skill level 5 in Dodging
    39 | D        | Reached skill level 6 in Unarmed Combat
    39 | D        | Reached XP level 2. HP: 35/35 MP: 1/1
    39 | D        | Reached XP level 3. HP: 42/42 MP: 2/2
    39 | D        | Reached XP level 4. HP: 50/50 MP: 3/3
    45 | D        | Killed a bog body
    45 | D        | Reached ** piety under Trog
    46 | D        | Reached skill level 9 in Unarmed Combat
    46 | D        | Reached XP level 5. HP: 27/63 MP: 4/4
    46 | D        | Reached XP level 6. HP: 31/72 MP: 5/5
    46 | D        | Reached XP level 7. HP: 35/80 MP: 6/6
   124 | D        | Noticed a shadow
   142 | D        | Killed a shadow
   143 | D        | Reached skill level 10 in Unarmed Combat
   155 | D        | Noticed a deep troll
   172 | D        | Killed a deep troll
   173 | D        | Reached skill level 11 in Unarmed Combat
   173 | D        | Reached XP level 8. HP: 92/92 MP: 7/7
   291 | D        | Reached *** piety under Trog
   301 | D        | Found a bloodstained altar of Trog.
   301 | D        | Found a shimmering blue altar of Sif Muna.
   301 | D        | Found a viscous altar of Jiyva.
   301 | D        | Found a hazy altar of Hepliaklqana.
   301 | D        | Found an opulent altar of Gozag.
   302 | D        | Found a glowing golden altar of the Shining One.
   302 | D        | Found a glowing silver altar of Zin.
   302 | D        | Found a basalt altar of Yredelemnul.
   302 | D        | Found a shimmering altar of Xom.
   302 | D        | Found an ornate altar of the Wu Jian Council.
   302 | D        | Found a sacrificial altar of Ru.
   302 | D        | Found a stormy altar of Qazlal.
   302 | D        | Found an iron altar of Okawaru.
   302 | D        | Found a sparkling altar of Nemelex Xobeh.
   302 | D        | Found a burning altar of Makhleb.
   302 | D        | Found a blossoming altar of Fedhas.
   302 | D        | Found a white marble altar of Elyvilon.
   302 | D        | Found a shadowy altar of Dithmenos.
   302 | D        | Found a snail-covered altar of Cheibriados.
   306 | D        | Found a corrupted altar of Lugonu.
   306 | D        | Found a radiant altar of Vehumet.
   307 | D        | Found a broken altar of Ashenzari.
   307 | D        | Found an ancient bone altar of Kikubaaqudgha.
   307 | D        | Found a hide-covered altar of Uskayaw.
   351 | D        | Reached **** piety under Trog
   376 | D        | Reached ***** piety under Trog
   378 | D        | Received a gift from Trog
   383 | D        | Reached skill level 1 in Armour
   445 | D        | Received a gift from Trog
   453 | D        | Noticed a flying skull
   459 | D        | Killed a flying skull
   471 | D        | Received a gift from Trog
   491 | D        | Reached skill level 10 in Fighting
   493 | D        | Noticed a smoke demon
   498 | D        | Killed a smoke demon
   498 | D        | Reached ****** piety under Trog
   499 | D        | Reached skill level 10 in Dodging
   499 | D        | Reached XP level 9. HP: 86/101 MP: 8/8
   503 | D        | Killed a shadow wraith
   504 | D        | Reached skill level 12 in Unarmed Combat
   569 | D        | Received a gift from Trog
   574 | D        | Reached skill level 5 in Armour
   652 | D        | Noticed Harold
   652 | D        | Noticed a komodo dragon
   652 | D        | Noticed a flayed ghost
   656 | D        | Killed a flayed ghost
   660 | D        | Killed a komodo dragon
   661 | D        | Reached skill level 13 in Unarmed Combat
   665 | D        | Killed Harold
   665 | D        | Identified the +11 great sword of Moral Flaws {flame, Will+
                  | rCorr} (Trog gifted it to you in the Dungeon)
   665 | D        | Received a gift from Trog
   666 | D        | Reached XP level 10. HP: 114/114 MP: 9/9
   805 | D        | Noticed a flayed ghost
   819 | D        | Slain by an earth elemental

Illustrated notes

Levels and vault maps discovered:
D:        pitsprint [storerooms_1, entrance_room_1, metal_vault_3, armoury_2,
          mini_pit_1, grid_room_1, main_hall_1, silver_pit, the_coven_1,
          the_vestibule_1, steel_vault_2, golden_pit, hallway_of_sentries,
          crystal_vault_2, iron_vault_3, final_vault]

Skill      XL: |  1  2  3  4  5  6  7  8  9 |
---------------+----------------------------+-----
Fighting       | 5 8 9 10 11 | 11.4
Dodging        | 5 7 9 10 11 | 11.3
Unarmed Combat | 6 9 11 13 | 13.3
Armour         | 3 6 |  6.4

Action                     |  1- 3 |  4- 6 |  7- 9 | 10-12 || total
---------------------------+-------+-------+-------+-------++-------
  Melee: Unarmed           |     4 |     6 |    93 |     5 ||   108
         Punch             |       |       |     2 |       ||     2
 Invoke: Berserk           |     1 |       |     2 |     1 ||     4
 Armour: Animal skin       |     2 |     3 |     4 |       ||     9
         Troll leather arm |       |       |    48 |     3 ||    51
  Dodge: Dodged            |     1 |       |    40 |     2 ||    43

Table legend: (Time is in decaauts)
 A = Elapsed time spent in this place.
 B = Non-inter-level travel time spent in this place.
 C = Inter-level travel time spent in this place.
 D = Time resting spent in this place.
 E = Time spent auto-exploring this place.
 F = Levels seen in this place.
 G = Mean time per level.
                   A        B        C        D        E       F      G
               +--------+--------+--------+--------+--------+-----+--------+
         Total |    832 |    759 |     73 |    246 |     95 |   1 |  832.0 |
       Dungeon |    832 |    759 |     73 |    246 |     95 |   1 |  832.0 |
               +--------+--------+--------+--------+--------+-----+--------+

Top non-repeatable levels by time:
       D: 832 daAuts
